AoeStats
← DKing

Black Forest

510399253Analyzed
4v4 RM · 19h ago on Sep 30, 2026· 35m 46s· 8 players
Game mode
Random Map
Map size
Large (8 player)
Population
200
Speed
Normal
Resources
Standard
Victory
Conquest
Starting age
Dark Age
Ending age
Imperial Age
RankedLock teamsTeams togetherTeam positionsShared explorationLock speedFull tech treeHidden civsTurbo modeCheats
Victory
Defeat
🇦🇷 Britons · Argentina
1282
+15
🇩🇪 Teutons · Germany
1280
+15
🇵🇪 Spanish · Peru
1265
+16
🇦🇷 Mongols · Argentina
1227
+17
🇫🇮 Romans · Finland
1357
-19
🇺🇸 Magyars · United States
1317
-18
🇵🇹 Khmer · Portugal
1212
-14
🇪🇸 Dravidians · Spain
1156
-12
Iam_Toretto
1:12 Loom
11:58 Feudal Age
16:11 Castle Age
15:06 Double-Bit Axe
15:29 Horse Collar
15:48 Fletching
17:09 Wheelbarrow
25:10 Padded Archer Armor
27:07 Leather Archer Armor
35:30 Imperial Age
35:56 Hand Cart
35:43 Heavy Plow
36:25 Bow Saw
36:48 Ring Archer Armor
4♚Dreams
3:05 Loom
13:49 Feudal Age
14:19 Double-Bit Axe
14:17 Fishing Lines
15:05 Horse Collar
19:55 Castle Age
21:01 Bow Saw
21:23 Heavy Plow
21:18 Gillnets
25:06 Gold Mining
25:09 Stone Mining
25:57 Wheelbarrow
26:54 Town Watch
27:32 Ballistics
32:26 Imperial Age
30:14 Hand Cart
30:37 Stone Shaft Mining
30:23 Pikeman
31:05 Squires
30:50 Arson
30:55 Gambesons
32:13 Scale Mail Armor
32:26 Caravan
34:17 Two-Man Saw
34:19 Chemistry
33:25 Siege Engineers
33:33 Forging
33:39 Chain Mail Armor
32:53 Heavy Scorpion
32:56 Halberdier
35:13 Crop Rotation
35:26 Iron Casting
35:23 Coinage
35:04 Guilds
34:34 Capped Ram
36:24 Conscription
36:25 Ironclad
Ra
1:11 Loom
9:32 Feudal Age
10:45 Arson
12:59 Fletching
24:35 Castle Age
24:38 Padded Archer Armor
24:40 Elite Skirmisher
25:18 Bodkin Arrow
24:45 Elite Skirmisher
25:24 Double-Bit Axe
25:18 Crossbowman
26:21 Bow Saw
28:01 Leather Archer Armor
33:56 Wheelbarrow
Garrón Husita
4:13 Loom
10:43 Feudal Age
14:42 Castle Age
13:56 Double-Bit Axe
13:52 Horse Collar
15:21 Wheelbarrow
16:32 Wheelbarrow
18:29 Bow Saw
21:10 Heavy Plow
26:44 Fletching
26:55 Padded Archer Armor
32:13 Imperial Age
30:01 Hand Cart
29:31 Town Watch
29:49 Bodkin Arrow
30:10 Leather Archer Armor
30:55 Leather Archer Armor
32:02 Husbandry
32:13 Bloodlines
32:12 Thumb Ring
32:31 Onager
33:19 Siege Engineers
34:16 Chemistry
35:12 Conscription
36:21 Bracer
36:43 Ballistics
36:34 Masonry
KhalDrogo
1:49 Loom
12:34 Feudal Age
17:12 Castle Age
15:19 Horse Collar
15:39 Double-Bit Axe
16:17 Town Watch
18:13 Fishing Lines
19:02 Bow Saw
21:15 Wheelbarrow
24:19 Scale Barding Armor
26:20 Bloodlines
30:33 Heavy Plow
35:31 Gold Mining
Ace
5:26 Loom
12:52 Feudal Age
16:54 Castle Age
15:38 Double-Bit Axe
15:36 Horse Collar
18:20 Bow Saw
19:17 Fletching
19:28 Padded Archer Armor
19:32 Heavy Plow
20:33 Fishing Lines
23:07 Gillnets
27:29 Wheelbarrow
28:38 Bodkin Arrow
28:58 Leather Archer Armor
29:39 Gold Mining
29:44 Stone Mining
34:36 Imperial Age
32:23 Hand Cart
33:15 Leather Archer Armor
33:24 Ballistics
34:47 Murder Holes
35:05 Fortified Wall
35:59 Medical Corps
DKing
5:57 Loom
12:28 Feudal Age
13:01 Double-Bit Axe
15:53 Castle Age
15:25 Fishing Lines
18:18 Bow Saw
19:57 Gillnets
20:39 Horse Collar
21:08 Gold Mining
23:38 Gold Shaft Mining
24:51 Wheelbarrow
24:45 Town Watch
26:34 Ballistics
27:08 Hand Cart
27:06 Stone Mining
31:53 Imperial Age
31:27 Scale Barding Armor
31:33 Forging
31:13 Fletching
31:03 Light Cavalry
31:53 Bloodlines
31:44 Husbandry
32:06 Elite Ballista Elephant
32:16 Elite Ballista Elephant
32:57 Double Crossbow
33:20 Conscription
34:40 Chemistry
33:37 Bodkin Arrow
34:01 Padded Archer Armor
34:18 Hussar
35:57 Chain Barding Armor
35:54 Caravan
engarvi
0:48 Loom
14:53 Feudal Age
15:41 Double-Bit Axe
23:44 Horse Collar
28:52 Castle Age
27:04 Fletching
27:07 Fishing Lines
27:42 Gold Mining
29:46 Medium Warships
29:37 Bodkin Arrow
30:35 Bow Saw
29:59 Crossbowman
31:21 Padded Archer Armor
36:50 Imperial Age
35:52 Stone Mining
Connection lost

Rejoining the realm…

Still unreachable

The connection could not be restored.

Session expired

The server has moved on; the page needs a fresh start.